 Dungeon Crawl Stone Soup version 0.20.1-1-g8b1a95d (webtiles) character file.

23 zephy the Shield-Bearer (level 2, -5/26 HPs)
             Began as a Minotaur Fighter on Sept 17, 2017.
             Killed from afar by Sigmund (8 damage)
             ... with a magic dart
             ... on level 2 of the Dungeon.
             The game lasted 00:01:23 (819 turns).

zephy the Shield-Bearer (Minotaur Fighter)           Turns: 819, Time: 00:01:24

Health: -5/26      AC:  4    Str: 20    XL:     2   Next: 72%
Magic:  1/1        EV: 11    Int: 10    God:
Gold:   69         SH:  0    Dex:  9    Spells: 1/1 levels left

rFire    . . .     SeeInvis .   l - +0 whip (elec)
rCold    . . .     Gourm    .   (no shield)
rNeg     . . .     Faith    .   q - +0 troll leather armour {regen}
rPois    .         Spirit   .   (helmet restricted)
rElec    .         Reflect  .   (no cloak)
rCorr    .         Harm     .   (no gloves)
MR       .....                  (no boots)
Stlth    +.........             (no amulet)
Regen    0.5/turn               (no ring)
MPRegen  0.1/turn               (no ring)

@: brilliant
A: retaliatory headbutt, horns 2
a: no special abilities


You were on level 2 of the Dungeon.
You were not hungry.

You visited 1 branch of the dungeon, and saw 2 of its levels.

You collected 69 gold pieces.

Inventory:

Hand Weapons
 a - a +0 long sword
 h - a +1 spear of venom
   (You found it on level 1 of the Dungeon)
 l - a +0 whip of electrocution (weapon)
   (You took it off a kobold on level 1 of the Dungeon)
Missiles
 e - 4 stones (quivered)
Armour
 b - a +0 scale mail
 c - a +0 shield
 q - a +0 troll leather armour (worn) {regen}
   (You found it on level 1 of the Dungeon)
 r - a +2 pair of boots
   (You found it on level 2 of the Dungeon)
Scrolls
 g - a scroll of teleportation {unknown}
 i - a scroll of fog {unknown}
 n - a scroll of remove curse {unknown}
 o - a scroll of noise {unknown}
 p - 2 scrolls of recharging {unknown}
Potions
 d - a potion of might
 m - a potion of flight {unknown}
Comestibles
 f - a bread ration {@e1}
 j - 2 meat rations {@e2}


   Skills:
 - Level 3.6 Fighting
 - Level 3.4 Long Blades
 + Level 1.7 Maces & Flails
 - Level 3.6 Armour
 - Level 3.6 Shields


You had one spell level left.
You didn't know any spells.

Dungeon Overview and Level Annotations

Branches:
Dungeon (2/15)

Altars:

Annotations:
D:2 Sigmund


Innate Abilities, Weirdness & Mutations

You reflexively headbutt those who attack you in melee.
You have a pair of horns on your head.


Message History

You kill the goblin!
All of the chunks of flesh in your inventory have rotted away.
No target in view!
You see here a dagger.
Done exploring.
Done exploring.
Done exploring.
Done exploring.
Search for what [? for help]? troll
There is a stone staircase leading down here.
You see here a troll leather armour {regen}.
q - a troll leather armour {regen} Wear which item? (? for menu, Esc to quit)
You start removing your armour.
You continue taking off your +0 scale mail. x4
You finish taking off your +0 scale mail.
You start putting on your armour.
You continue putting on your troll leather armour {regen}. x5
You finish putting on your +0 troll leather armour {regen}.
Wear which item? (? for menu, Esc to quit)
You don't have any such object.
Wear which item? (? for menu, Esc to quit)
You don't have any such object.
Wear which item? (? for menu, Esc to quit)
Okay, then.
Unknown command.
Unknown command.
Wear which item? (? for menu, Esc to quit)
You start removing your armour.
You continue taking off your +0 troll leather armour {regen}. x4
You finish taking off your +0 troll leather armour {regen}.
You start putting on your armour.
You continue putting on your +0 scale mail. x5
You finish putting on your +0 scale mail.
Wear which item? (? for menu, Esc to quit)
You start removing your armour.
You continue taking off your +0 scale mail. x4
You finish taking off your +0 scale mail.
You start putting on your armour.
You continue putting on your +0 troll leather armour {regen}. x5
You finish putting on your +0 troll leather armour {regen}.
Done exploring.
Done exploring.
There is a stone staircase leading down here.
You climb downwards.
Found a stone staircase leading up.
There is a stone staircase leading up here.
Unknown command.
r - a pair of glowing boots You now have 69 gold pieces (gained 16).
A dart slug comes into view.
A dart slug is nearby!
The dart slug launches a dart at you. The slug dart hits you!
You take 6 damage, and have 20/26 hp.
MASSIVE DAMAGE!!
The dart slug launches a dart at you. The slug dart misses you.
The dart slug bites you but does no damage.
You whack the dart slug!
Lightning courses through the dart slug!
You kill the dart slug!
No target in view!
Sigmund the Dreaded comes into view.
He is wielding a scythe.
Sigmund shouts!
Health restored: 26 Sigmund closely misses you.
You barely miss Sigmund. Sigmund barely misses you.
You barely miss Sigmund. Sigmund barely misses you.
You hit Sigmund. You headbutt Sigmund, but do no damage.
You hit Sigmund but do no damage. Your headbutt misses Sigmund.
Sigmund hits you with a scythe!
You take 12 damage, and have 14/26 hp.
MASSIVE DAMAGE!!
You completely miss Sigmund. Sigmund barely misses you.
You hit Sigmund. You hit Sigmund. Your headbutt misses Sigmund.
Sigmund misses you.
You hit Sigmund. Sigmund barely misses you.
You barely miss Sigmund. Your headbutt misses Sigmund. You hit Sigmund.
Your headbutt misses Sigmund.
Sigmund casts a spell.
Sigmund flickers and vanishes!
Deactivating autopickup; reactivate with Ctrl-A.
You completely miss something.
You hear some strange, mumbled words.
Something tries to affect you, but you resist.
You barely miss something. Something hits you.
You take 4 damage, and have 14/26 hp.
You miss something. Something hits you!
Ouch! That really hurt!
* * * LOW HITPOINT WARNING * * *
You take 12 damage, and have 2/26 hp.
MASSIVE DAMAGE!!
You closely miss something.
It was a potion of brilliance.
You feel clever all of a sudden.
You hear some strange, mumbled words.
A magic dart appears from out of thin air!
The magic dart hits you!
You die...

#.......# #.##.#
####..### #[##.#
#...####.##.#
#.#....#.##.#
#.#..#...##.#
#.#....####.#
#.#....## #.#
####.####.#.....###.#
.....${@............#
##..!(?.#.#.....#####
#....#...##...##
############.## #.#
#.# #.# #.# ####


There were no monsters in sight!

Vanquished Creatures
  2 dart slugs
  5 bats (D:1)
  3 giant cockroaches (D:1)
  2 goblins (D:1)
  A hobgoblin (D:1)
  3 kobolds (D:1)
  A frilled lizard (D:1)
  A rat (D:1)
18 creatures vanquished.

Notes
Turn   | Place    | Note
-------+----------+-------------------------------------------
     0 | D:1      | zephy the Minotaur Fighter began the quest for the Orb.
     0 | D:1      | Reached XP level 1. HP: 19/19 MP: 0/0
    10 | D:1      | Noticed a minotaur skeleton
    80 | D:1      | Reached skill level 3 in Long Blades
   213 | D:1      | Reached XP level 2. HP: 26/26 MP: 1/1
   549 | D:1      | Reached skill level 1 in Maces & Flails
   801 | D:2      | Noticed Sigmund
   817 | D:2      | HP: 2/26 [something (13)]
   819 | D:2      | Killed from afar by Sigmund

Skill      XL: |  1  2 |
---------------+-------+-----
Long Blades    | 3 |  3.4
Maces & Flails | 1 |  1.7
Fighting       | |  3.6
Armour         | |  3.6
Shields        | |  3.6

Action                   || total
-------------------------++-------
Melee: Long sword        ||    22
       Headbutt          ||     6
       Whip              ||    26
  Use: Potion            ||     1
Armor: Scale mail        ||    15
       Troll leather arm ||     1
Dodge: Dodged            ||    23
       Rpst.: Long sword ||     2

Vault maps used:
D:1:      shiori_arrival_whats_in_store_for_you, minmay_pentomino_q2
D:2:      nicolae_overflow_hidden_temple, chequers_ecumenical_altar_twisty,
          uniq_sigmund

Table legend:
 A = Turns spent in this place as a percentage of turns spent in the entire game.
 B = Non-inter-level travel turns spent in this place as a percentage of non-inter-level travel turns spent in the entire game.
 C = Inter-level travel turns spent in this place as a percentage of turns spent in this place.
 D = Turns resting spent in this place as a percentage of non-inter-level travel turns spent in this place.
 E = Turns spent auto-exploring this place as a percentage of non-inter-level travel turns spent in this place.
 F = Non-inter-level travel turns spent in this place divided by the number of levels of this place that you've seen.
                   A       B       C       D       E      F
               +-------+-------+-------+-------+-------+----------------------
         Total | 100.0 | 100.0 |   1.0 |   0.0 |  17.6 |  96.5
       Dungeon | 100.0 | 100.0 |   1.0 |   0.0 |  17.6 |  96.5
               +-------+-------+-------+-------+-------+----------------------

Table legend:
 A = Kills in this place as a percentage of kills in entire the game.
 B = Kills by you in this place as a percentage of kills by you in the entire game.
 C = Kills by friends in this place as a percentage of kills by friends in the entire game.
 D = Other kills in this place as a percentage of other kills in the entire game.
 E = Experience gained in this place as a percentage of experience gained in the entire game.
 F = Experience gained in this place divided by the number of levels of this place that you have seen.
                   A       B       C       D       E      F
               +-------+-------+-------+-------+-------+----------------------
         Total | 100.0 | 100.0 |  -nan |  -nan | 100.0 |  16.5
       Dungeon | 100.0 | 100.0 |  -nan |  -nan | 100.0 |  16.5
               +-------+-------+-------+-------+-------+----------------------
